 Dungeon Crawl Stone Soup version 0.26.0-16-gc1dbca0489 (webtiles) character file.

Game seed: 12300615030623000006

1969 112233 the Ducker (level 9, -4/63 HPs)
             Began as an Octopode Fighter on Jan 20, 2021.
             Was an Initiate of Gozag.
             Slain by an ice beast (13 damage)
             ... on level 7 of the Dungeon.
             The game lasted 00:06:03 (9319 turns).

112233 the Ducker (Octopode Fighter)                Turns: 9319, Time: 00:06:03

Health: -4/63      AC:  1    Str: 16    XL:     9   Next: 20%
Magic:  18/18      EV: 15    Int: 11    God:    Gozag
Gold:   796        SH: 10    Dex: 13    Spells: 8/8 levels left

rFire    . . .     SeeInvis .   v - +3 dagger
rCold    . . .     Faith    .   b - +0 kite shield
rNeg     . . .     Spirit   .   (helmet restricted)
rPois    .         Reflect  .   l - amulet of magic regeneration
rElec    .         Harm     .   q - ring of magical power
rCorr    .         Rampage  .   (no ring)
Will     .....                  (no ring)
Stlth    ++........             (no ring)
HPRegen  0.20/turn              (no ring)
MPRegen  0.41/turn              (no ring)
                                (no ring)
                                (no ring)

@: no status effects
A: almost no armour, stealthy swim, amphibious, 8 rings, constrict 8, camouflage
1, gelatinous body 1
a: Renounce Religion, Potion Petition, Call Merchant, Bribe Branch


You were on level 7 of the Dungeon.
You worshipped Gozag.
Gozag was pleased with you.
You visited 2 branches of the dungeon, and saw 8 of its levels.

You collected 863 gold pieces.
You paid 67 gold pieces to Gozag.

Inventory:

Hand Weapons
 a - a +0 rapier
 m - a +1 whip of freezing
 v - a +3 dagger (weapon)
Missiles
 n - 3 throwing nets (quivered) {!f}
Armour
 b - a +0 kite shield (worn)
Jewellery
 l - an amulet of magic regeneration (around mantle)
 q - a ring of magical power (left tentacle)
Wands
 e - a wand of iceblast (7)
Scrolls
 g - 3 scrolls of enchant weapon {unknown}
 h - 5 scrolls of fear
 o - 2 scrolls of immolation {unknown}
 p - 7 scrolls of teleportation {unknown}
 r - 3 scrolls of identify {unknown}
 u - 3 scrolls of blinking {unknown}
 x - a scroll of amnesia {unknown}
 y - 2 scrolls of magic mapping {unknown}
 A - 2 scrolls of remove curse {unknown}
 B - a scroll of enchant armour {unknown}
Potions
 c - 3 potions of attraction {unknown}
 d - 2 potions of lignification {unknown}
 f - 2 potions of heal wounds {unknown}
 i - 3 potions of magic {unknown}
 j - 2 potions of degeneration {unknown}
 k - 2 potions of haste {unknown}
 s - a potion of ambrosia {unknown}
 t - 3 potions of flight {unknown}
 w - a potion of berserk rage {unknown}
 z - 2 potions of mutation {unknown}
 C - a potion of curing {@q1}


   Skills:
 + Level 6.6 Fighting
 + Level 6.1 Short Blades
 + Level 6.6 Dodging
 + Level 6.5 Shields


You had 8 spell levels left.
You didn't know any spells.
Your spell library was empty.

Dungeon Overview and Level Annotations

Branches:
Dungeon (7/15)             Temple (1/1) D:4

Altars:
Ashenzari
Dithmenos
Fedhas
Gozag
Hepliaklqana
Makhleb
Nemelex Xobeh
Okawaru
Uskayaw
Vehumet
Yredelemnul
Zin
The Shining One

Shops:
D:6 [

Annotations:
D:5 1 runed translucent door, jeanjacques's ghost, weakling DDDe


Innate Abilities, Weirdness & Mutations

You cannot wear most types of armour.
You are very stealthy in the water. (Stealth+)
You are amphibious.
You can wear up to eight rings at the same time.
You can use your tentacles to constrict eight enemies at once.
Your skin changes colour to match your surroundings (Stealth+).
Your rubbery body absorbs attacks. (AC +1, EV +1)


Message History

You squeeze the ice beast, but do no damage.
The ice beast misses you.
You hit the ice beast but do no damage. You closely miss the ice beast.
The ice beast completely misses you.
You closely miss the ice beast. You squeeze the ice beast!
You block the ice beast's attack.
You closely miss the ice beast. Your squeeze misses the ice beast.
The ice beast hits you. The ice beast freezes you!
You closely miss the ice beast. You squeeze the ice beast.
You hit the ice beast but do no damage. The ice beast hits you.
The ice beast freezes you!
You hit the ice beast. The ice beast hits you.
* * * LOW HITPOINT WARNING * * *
The ice beast freezes you.
* * * LOW HITPOINT WARNING * * *
You hit the ice beast but do no damage. The ice beast hits you.
* * * LOW HITPOINT WARNING * * *
The ice beast freezes you!
You die...
Your body crumbles into a pile of gold.

##...## ##.## ###
#.# $ ..# ##'## #
#.###...## #.##
#.##.....## #....
#.#.......##
#.#...###..........#
#.....Y@..........<+
#.#...####.........#
##. ##.......## #
##.....## ##...##
##+##


You could see an ice beast.

Vanquished Creatures
  A wyvern (D:4)
  A sky beast (D:6)
  2 ogres
  2 centaurs (D:5)
  A big kobold (D:7)
  2 bullfrogs (D:6)
  A scorpion (D:4)
  3 wights (D:6)
  3 bullfrog zombies
  5 hounds
  3 jellies (D:2)
  A centaur skeleton (D:7)
  An orc priest (D:7)
  A bullfrog skeleton (D:5)
  3 worker ants
  4 orc wizards
  A killer bee zombie (D:6)
  A hound skeleton (D:7)
  14 gnolls
  7 adders
  A shadow imp (D:5)
  8 oozes
  An adder zombie (D:4)
  6 worms
  3 dart slugs
  3 leopard geckos
  14 orcs
  2 ball pythons (D:4)
  4 bats
  6 giant cockroaches
  4 goblins
  9 hobgoblins
  11 jackals
  15 kobolds
  3 quokkas
  5 frilled lizards
  A leopard gecko zombie (D:7)
  A quokka skeleton (D:4)
  4 rats
158 creatures vanquished.

Vanquished Creatures (others)
  An orc wizard (D:7)
  7 fungi (D:2)
  8 toadstools (D:2)
16 creatures vanquished.

Grand Total: 174 creatures vanquished

Notes
Turn   | Place    | Note
-------+----------+-------------------------------------------
     0 | D:1      | 112233 the Octopode Fighter began the quest for the Orb.
     0 | D:1      | Reached XP level 1. HP: 16/16 MP: 1/1
   215 | D:1      | Reached XP level 2. HP: 21/21 MP: 2/2
   306 | D:2      | Found a hide-covered altar of Uskayaw.
   702 | D:1      | Reached XP level 3. HP: 26/26 MP: 3/3
  1597 | D:2      | Reached XP level 4. HP: 31/31 MP: 4/4
  2174 | D:2      | Reached XP level 5. HP: 37/37 MP: 5/5
  2764 | D:2      | Reached XP level 6. HP: 17/43 MP: 6/6
  3331 | D:3      | Found a faded altar of an unknown god.
  4167 | D:4      | Found a shadowy altar of Dithmenos.
  4222 | D:4      | Reached XP level 7. HP: 11/49 MP: 7/7
  4595 | D:4      | Found a staircase to the Ecumenical Temple.
  4601 | Temple   | Entered the Ecumenical Temple
  4641 | Temple   | Became a worshipper of Gozag Ym Sagoz the Greedy
  4671 | D:4      | Noticed a wyvern
  4685 | D:4      | Killed a wyvern
  5048 | D:4      | Reached skill level 5 in Fighting
  5048 | D:4      | Reached skill level 5 in Dodging
  5048 | D:4      | Reached skill level 5 in Shields
  5579 | D:5      | Entered Level 5 of the Dungeon
  5822 | D:5      | Reached XP level 8. HP: 22/55 MP: 8/8
  6412 | D:5      | Reached skill level 5 in Short Blades
  6681 | D:5      | You fall into a shaft and drop 2 floors!
  7728 | D:5      | Found a runed translucent door.
  7729 | D:5      | Noticed jeanjacques's ghost (weakling DDDe)
  7974 | D:6      | Found Ichas's Armour Emporium.
  8175 | D:6      | Reached XP level 9. HP: 32/62 MP: 9/9
  9319 | D:7      | Slain by an ice beast

Illustrated notes

Levels and vault maps discovered:
D:1:      minmay_arrival_four_loops, layout_loops_ring
D:2:      cheibrodos_fertilizer, layout_loops_ring,
          eat_drink_and_be_merry_uskayaw, minmay_quantized
D:3:      layout_loops_ring, chequers_ecumenical_altar_island
D:4:      layout_loops_ring, old_standard_altar, minmay_temple_entry_hall,
          dk_vineyard_3, amcnicky_mini_rare_corridor_liquid
D:5:      layout_basic, ebering_ghost_reflecting_pool
D:6:      layout_rooms, serial_shops, shop
D:7:      layout_loops_corners, st_stairs_9, minmay_curled_crystal
Temple:   nicolae_temple_elliptical

Skill      XL: |  1  2  3  4  5  6  7  8  9 |
---------------+----------------------------+-----
Short Blades   | 3 4 5 6 |  6.1
Fighting       | 4 5 6 |  6.6
Dodging        | 4 5 6 |  6.6
Shields        | 4 5 6 |  6.5

Action                   |  1- 3 |  4- 6 |  7- 9 || total
-------------------------+-------+-------+-------++-------
Melee: Rapier            |    35 |    98 |       ||   133
       Constrict         |    10 |    39 |    36 ||    85
       Tentacles         |     8 |    41 |    50 ||    99
       Dagger            |       |    51 |   224 ||   275
Evoke: Wand              |       |       |     2 ||     2
  Use: Potion            |       |       |     4 ||     4
       Scroll            |       |       |     1 ||     1
 Stab: Sleeping          |     3 |    12 |    12 ||    27
       Distracted        |       |       |     3 ||     3
Armor: Skin              |     2 |     2 |     2 ||     6
Dodge: Dodged            |    15 |    45 |    79 ||   139
Block: Kite shield       |    11 |    55 |    59 ||   125
